 Dungeon Crawl Stone Soup version 0.27.1-3-gb3d3a73c9e (webtiles) character file.

Game seed: 9886539393835950471

128 MajorAdolf the Skirmisher (level 5, -7/56 HPs)
             Began as a Naga Wanderer on Oct 5, 2021.
             Mangled by a gnoll (9 damage)
             ... on level 3 of the Dungeon on Oct 6, 2021.
             The game lasted 00:04:35 (3983 turns).

MajorAdolf the Skirmisher (Naga Wanderer)           Turns: 3983, Time: 00:04:36

Health: -7/56      AC:  8    Str: 16    XL:     5   Next: 12%
Magic:  5/5        EV:  2    Int: 11    God:
Gold:   138        SH:  0    Dex: 11    Spells: 4/4 levels left

rFire    . . .     SeeInvis +   a - +2 mace
rCold    . . .     Faith    .   (no shield)
rNeg     . . .     Spirit   .   q - +0 plate armour
rPois    +         Reflect  .   o - +0 helmet
rElec    .         Harm     .   (no cloak)
rCorr    .         Rampage  .   (no gloves)
Will     .....                  (no barding)
Stlth    ..........             (no amulet)
HPRegen  0.18/turn              (no ring)
MPRegen  0.09/turn              (no ring)

@: short of breath, attractive, very slow
A: AC +1, large, see invisible, deformed body, poison resistance, slowness 2,
spit poison 1, naga tail 1
a: Spit Poison


You were on level 3 of the Dungeon.
You visited 1 branch of the dungeon, and saw 4 of its levels.

You collected 138 gold pieces.

Inventory:

Hand Weapons
 a - a +2 mace (weapon)
 r - a +0 hand crossbow
Missiles
 c - 64 bolts
Armour
 e - a +0 robe
 h - a +0 chain mail
 o - a +0 helmet (worn)
 q - a +0 plate armour (worn)
Wands
 l - a wand of flame (12)
Scrolls
 d - 2 scrolls of teleportation
 f - a scroll of fear {unknown}
 g - 2 scrolls of immolation {unknown}
 i - a scroll of noise {unknown}
 n - a scroll of identify {unknown}
Potions
 j - a potion of lignification {unknown}
 k - a potion of attraction
 m - a potion of brilliance {unknown}
 p - a potion of flight {unknown}


   Skills:
 + Level 6.8 Fighting
 - Level 1.0 Maces & Flails
 + Level 2.2 Armour
 - Level 3.4 Stealth
 - Level 1.0 Shields
 + Level 0.6 Evocations


You had 4 spell levels left.
You didn't know any spells.
Your spell library contained the following spells:

 Spells                   Type           Power      Damage    Failure   Level
 Stone Arrow              Conj/Erth      0%         3d7       100%        3
 Animate Armour           Summ/Erth      0%         N/A       100%        4
 Dispersal                Tloc           0%         N/A       100%        6
 Disjunction              Tloc           0%         N/A       100%        8
 Lehudib's Crystal Spear  Conj/Erth      0%         10d2      100%        8


Dungeon Overview and Level Annotations

Branches:
Dungeon (4/15)
 Temple: D:4-7

Altars:


Innate Abilities, Weirdness & Mutations

Your serpentine skin is tough. (AC +1)
You have supernaturally acute eyesight. (SInv)
Armour fits poorly on your strangely shaped body.
Your system is resistant to poisons. (rPois)
You cover ground very slowly.
You can spit poison.
You have a snake-like lower body.


Message History

The gnoll hits you from afar with a +0 halberd.
There is a stone staircase leading up here.
You hit the gnoll.
The gnoll is moderately wounded.
The gnoll hits you with a +0 flail! x2
You barely miss the gnoll.
The gnoll is moderately wounded.
The gnoll hits you with a +0 flail.
Unknown command.
You have got your breath back.
The gnoll hits you with a +0 flail!
* * * LOW HITPOINT WARNING * * *
You climb upwards.
There is a stone staircase leading down here.
Press: ? - help, Shift-Dir - straight line, f - gnoll
Aim: a gnoll, wielding a +0 flail (moderately wounded)
The splash of poison hits the gnoll.
The gnoll is severely wounded.
The gnoll barely misses you.
Unknown command.
You completely miss the gnoll.
The gnoll is severely wounded.
The gnoll hits you with a +0 flail!
* * * LOW HITPOINT WARNING * * *
The gnoll hits you with a +0 flail.
* * * LOW HITPOINT WARNING * * *
You closely miss the gnoll.
The gnoll is severely wounded.
The gnoll hits you with a +0 flail.
* * * LOW HITPOINT WARNING * * *
Okay, then.
You have got your breath back.
Press: ? - help, Shift-Dir - straight line, f/p - gnoll
Aim: a gnoll, wielding a +0 flail (severely wounded)
The splash of poison misses the gnoll.
The gnoll hits you but does no damage.
Unknown command.
It was a potion of attraction.
You feel attractive to monsters. The gnoll hits you with a +0 flail!
You die...

##### #...# #...######
#........# ##########
#........# #........#
##........# #g.......#
###.........# #@.......#
............# #........#
.#..........####........#
.#.####..##.............#
.#.###......####........#
...##...##### #........#
.>#...#.# ###........#
....###.# ##..........#
..#####.# ##.......#####


You could see a gnoll.

Vanquished Creatures
  Terence (D:3)
  3 adders
  An adder skeleton (D:4)
  2 worms (D:2)
  2 dart slugs
  3 ball pythons
  5 endoplasms
  4 giant cockroaches
  8 hobgoblins
  3 quokkas
  4 bats
  3 frilled lizards
  8 goblins
  11 kobolds
  3 rats
61 creatures vanquished.

Notes
Turn   | Place    | Note
-------+----------+-------------------------------------------
     0 | D:1      | MajorAdolf the Naga Wanderer began the quest for the Orb.
     0 | D:1      | MajorAdolf set off with the following items: a +2 mace, a
                  | +0 hand crossbow, 22 bolts, a scroll of teleportation, a +0
                  | robe
     0 | D:1      | Reached XP level 1. HP: 26/26 MP: 1/1
   153 | D:1      | Reached XP level 2. HP: 31/33 MP: 2/2
   579 | D:1      | Reached XP level 3. HP: 42/42 MP: 3/3
  1037 | D:2      | Found a faded altar of an unknown god.
  1211 | D:2      | Reached XP level 4. HP: 43/49 MP: 4/4
  2123 | D:3      | Noticed Terence
  2596 | D:2      | Upgraded the game from 0.27.1-2-g3b301248ec to
                  | 0.27.1-3-gb3d3a73c9e
  2732 | D:3      | Killed Terence
  2895 | D:3      | Reached XP level 5. HP: 35/56 MP: 5/5
  3980 | D:3      | HP: 1/56 [gnoll (4)]
  3983 | D:3      | Mangled by a gnoll

Illustrated notes

Levels and vault maps discovered:
D:1:      scummos_arrival_simple_fountains, layout_rooms
D:2:      minmay_kobold_bridge, layout_rooms,
          dreamdust_ecumenical_altar_angels_and_demons
D:3:      layout_rooms, bh_walls_and_bars, uniq_terence
D:4:      layout_basic, hangedman_decor_clover_reticule, uniq_robin

Skill      XL: |  1  2  3  4 |
---------------+-------------+-----
Stealth        | 2 3 |  3.4
Armour         | 2 |  2.2
Fighting       | |  6.8
Maces & Flails | |  1.0
Shields        | |  1.0
Evocations     | |  0.6

Action                   |  1- 3 |  4- 6 || total
-------------------------+-------+-------++-------
Melee: Mace              |    51 |    87 ||   138
 Abil: Spit Poison       |    29 |    11 ||    40
  Use: Potion            |       |     1 ||     1
Armor: Robe              |    10 |       ||    10
       Chain mail        |    11 |    62 ||    73
       Plate armour      |       |    14 ||    14
Dodge: Dodged            |    31 |    26 ||    57
